Map: Hardwire LE

Players

Pumba - Winner!

  • Race: Protoss Protoss
  • League: Platinum
  • Spawn Location: 1:00

NoWinsButFun

  • Race: Zerg Zerg
  • League: Diamond
  • Spawn Location: 7:00

VOD

Have the link to the VOD?

Description

Time

  • Played on: Feb. 8, 2022, 7:56 p.m.
  • Length: 8:42
Show
View Real Time Build Order
Export as new Build Order

Pumba Protoss - Winner!

Build Orders: 1 Gate Expand, Oracle Opening, Zealot Archon 

Get SALT Encoding   

  12  0:00  Probe  
  13  0:13  Probe  
  14  0:19  Pylon  
  14  0:25  Probe  
  15  0:37  Probe (Chrono Boost)  
  15  0:38  Gateway  
  16  0:49  Probe (Chrono Boost)  
  17  0:50  Assimilator  
  17  0:56  Probe (Chrono Boost)  
  18  1:03  Probe  
  19  1:16  Probe  
  20  1:25  Nexus  
  20  1:35  Cybernetics Core  
  20  1:37  Probe  
  21  1:42  Assimilator  
  21  1:49  Probe  
  22  1:59  Pylon  
  22  2:01  Probe  
  23  2:14  Adept (Chrono Boost)  
  23  2:19  Probe  
  26  2:25  Stargate  
  26  2:31  Probe (Chrono Boost)  
  26  2:34  Adept (Chrono Boost)  
  27  2:38  Warp Gate  
  27  2:42  Probe (Chrono Boost)  
  31  2:49  Probe (Chrono Boost)  
  31  2:53  Probe (Chrono Boost)  
  31  2:56  Probe (Chrono Boost)  
  33  3:02  Probe  
  34  3:07  Probe  
  34  3:10  Oracle (Chrono Boost)  
  35  3:14  Probe  
  35  3:16  Adept  
  41  3:21  Gateway  
  41  3:25  Probe  
  41  3:26  Probe  
  43  3:37  Probe  
  43  3:39  Probe  
  45  3:48  Pylon  
  41  3:49  Probe  
  41  3:51  Oracle, Probe, Pylon  
  46  4:06  Probe x2  
  46  4:07  Pylon  
  48  4:11  Robotics Facility  
  48  4:12  Forge  
  48  4:14  Twilight Council  
  48  4:18  Probe x2  
  50  4:31  Nexus  
  50  4:32  Pylon  
  50  4:33  Adept x2  
  54  4:38  Pylon  
  54  4:41  Protoss Ground Weapons Level 1  
  54  4:46  Probe x2  
  54  4:50  Assimilator  
  54  4:52  Assimilator  
  56  4:58  Probe  
  57  5:00  Gateway  
  57  5:03  Gateway  
  57  5:04  Probe  
  57  5:06  Gateway x2  
  58  5:21  Charge  
  58  5:25  Probe  
  58  5:26  Probe  
  60  5:31  Observer (Chrono Boost)  
  61  5:36  Gateway x2  
  61  5:37  Gateway  
  61  5:38  Gateway  
  61  5:41  Gateway  
  61  5:46  Probe x2  
  61  5:47  Probe  
  64  5:50  Immortal (Chrono Boost)  
  64  5:56  Zealot x2, Sentry  
  74  5:58  Probe  
  74  6:01  Shield Battery  
  74  6:03  Probe  
  76  6:20  Templar Archives  
  76  6:25  Pylon  
  76  6:27  Immortal (Chrono Boost)  
  76  6:28  Pylon  
  80  6:33  Pylon  
  80  6:37  Zealot x5  
  90  6:44  Zealot x3  
  90  6:45  Probe  
  97  6:48  Pylon  
  97  6:55  Pylon  
  97  7:02  Warp Prism (Chrono Boost)  
  99  7:09  Observer  
  99  7:32  High Templar x5  
  99  7:34  Zealot x2  
  99  7:35  Zealot  
  99  7:36  Zealot x2  
  119  7:37  High Templar  
  119  7:40  Archon  
  119  7:41  Archon x2  
  121  7:53  Pylon  
  121  7:54  Pylon x2  
  121  7:55  Pylon x2  
  121  7:57  Pylon  
  121  8:02  Pylon  
  121  8:05  Zealot x6  
  127  8:11  Pylon x2  
  133  8:22  Zealot x5  
Show
View Real Time Build Order
Export as new Build Order

NoWinsButFun Zerg 

Build Orders: Hatch First 

Get SALT Encoding   

  12  0:00  Drone  
  13  0:12  Overlord  
  13  0:16  Drone  
  14  0:30  Drone  
  15  0:48  Drone, Hatchery  
  15  0:53  Drone  
  15  0:56  Drone  
  17  1:11  Spawning Pool  
  16  1:13  Drone  
  16  1:17  Extractor  
  16  1:24  Drone  
  17  1:28  Drone  
  18  1:38  Drone  
  19  1:58  Queen  
  19  2:00  Queen, Drone x2  
  25  2:02  Drone  
  26  2:10  Drone  
  26  2:14  Zergling x2  
  28  2:28  Overlord  
  28  2:42  Hatchery  
  27  2:46  Queen  
  27  2:48  Queen  
  27  2:50  Drone  
  32  2:55  Metabolic Boost  
  32  2:58  Drone  
  32  3:03  Drone  
  32  3:04  Drone  
  35  3:08  Drone  
  36  3:18  Overlord  
  31  3:57  Drone x5  
  31  3:58  Drone x2, Overlord  
  31  4:02  Drone x5  
  43  4:13  Zergling x8  
  43  4:15  Extractor  
  43  4:16  Overlord  
  46  4:25  Drone x3  
  45  4:33  Spore Crawler  
  45  4:35  Spore Crawler  
  45  4:36  Spore Crawler  
  45  4:37  Drone  
  45  4:38  Drone  
  44  4:43  Drone x2  
  46  4:49  Zergling x2  
  46  4:50  Zergling x4  
  49  4:57  Drone  
  49  4:58  Drone x2  
  52  5:01  Drone x3  
  49  5:26  Zergling x8  
  49  5:27  Zergling x8  
  57  5:32  Hatchery  
  56  5:36  Queen x2  
  56  5:38  Overlord  
  60  5:45  Drone x3  
  60  5:46  Zergling x4  
  60  5:48  Overlord  
  65  5:54  Extractor  
  65  5:55  Extractor  
  65  5:56  Lair  
  63  6:07  Zergling x2, Overlord x2  
  63  6:09  Zergling x6  
  67  6:25  Drone x2, Overlord, Extractor  
  68  6:27  Drone  
  68  6:28  Drone x5  
  74  6:39  Drone x3  
  78  6:40  Drone x3  
  80  6:52  Drone x7  
  87  6:59  Overseer  
  87  7:00  Overseer  
  87  7:03  Drone x3  
  87  7:04  Drone x2  
  92  7:32  Hydralisk Den  
  91  7:39  Drone  
  91  7:40  Drone x4  
  91  7:43  Extractor  
  95  7:47  Drone x2  
  95  7:48  Overlord x3  
  95  7:50  Drone  
  95  7:51  Drone x4  
  100  7:52  Extractor  
  101  8:05  Spore Crawler  
  100  8:09  Zergling x2  
  100  8:10  Zergling x20  
  100  8:11  Hatchery  
  106  8:24  Zergling x2  
  106  8:25  Zergling x8  
Tags
 
Add a new tag
Caveats
  • Supply blocks, unpowered buildings, or Contaminate may cause inaccurate times.
  • Supply counts are checked every 10 seconds.